 Dungeon Crawl Stone Soup version 0.25.1-2-g60ff931df9 (webtiles) character file.

Game seed: 2491080720154237066

750 Delamore the Cudgeler (level 7, -1/44 HPs)
             Began as a Gargoyle Fighter on Oct 14, 2020.
             Slain by an orc warrior
             ... wielding a +0 battleaxe
              (17 damage)
             ... on level 5 of the Dungeon.
             The game lasted 00:03:14 (3956 turns).

Delamore the Cudgeler (Gargoyle Fighter)            Turns: 3956, Time: 00:03:15

Health: -1/44      AC: 14    Str: 21    XL:     7   Next: 78%
Magic:  7/7        EV:  7    Int:  9    God:
Gold:   304        SH:  9    Dex:  9    Spells: 6/6 levels left

rFire    . . .     SeeInvis .   a - +0 flail
rCold    . . .     Gourm    .   c - +0 kite shield
rNeg     + . .     Faith    +   b - +0 scale mail
rPois    ∞         Spirit   .   (no helmet)
rElec    +         Reflect  .   (no cloak)
rCorr    .         Harm     .   o - +0 pair of gloves
MR       +....                  A - +1 pair of boots
Stlth    +.........             t - amulet of faith
HPRegen  0.14/turn              r - ring of protection from magic
MPRegen  0.10/turn              D - ring of stealth

@: no status effects
A: negative energy resistance 1, electricity resistance, unbreathing,
petrification resistance, rot immunity, AC +4
a: no special abilities


You were on level 5 of the Dungeon.
You were not hungry.

You visited 1 branch of the dungeon, and saw 5 of its levels.

You collected 304 gold pieces.

Inventory:

Hand Weapons
 a - a +0 flail (weapon)
Missiles
 g - 2 javelins (quivered)
 v - 7 boomerangs of dispersal
Armour
 b - a +0 scale mail (worn)
 c - a +0 kite shield (worn)
 o - a +0 pair of gloves (worn)
 s - a +0 pair of boots
 A - a +1 pair of boots (worn)
Jewellery
 r - a ring of protection from magic (left hand)
 t - an amulet of faith (around neck)
 D - a ring of stealth (right hand)
 E - an uncursed amulet of magic regeneration {unknown}
Wands
 J - a wand of random effects (16)
Scrolls
 e - a scroll of fog {unknown}
 h - a scroll of immolation {unknown}
 i - 2 scrolls of remove curse {unknown}
 j - 2 scrolls of teleportation {unknown}
 l - 9 scrolls of identify {unknown}
 n - 2 scrolls of fear {unknown}
 y - 2 scrolls of blinking {unknown}
 z - 3 scrolls of amnesia {unknown}
 B - a scroll of magic mapping {unknown}
 G - a scroll of enchant armour {unknown}
 K - a scroll of random uselessness {unknown}
Potions
 d - a potion of might
 k - a potion of flight {unknown}
 m - a potion of heal wounds {unknown}
 p - a potion of curing {unknown}
 q - 2 potions of degeneration {unknown}
 u - 3 potions of mutation {unknown}
 w - a potion of cancellation {unknown}
 x - 2 potions of stabbing {unknown}
 C - a potion of haste {unknown}
 F - a potion of berserk rage {unknown}
 I - a potion of ambrosia {unknown}
Comestibles
 f - 9 rations
 H - 2 chunks of flesh


   Skills:
 - Level 5.0 Fighting
 + Level 7.1 Maces & Flails
 - Level 3.2 Armour
 - Level 5.0 Shields


You had 6 spell levels left.
You didn't know any spells.
Your spell library contained the following spells:

 Spells                   Type           Power        Failure   Level  Hunger
 Foxfire                  Conj/Fire      #...         99%         1    ##.....
 Summon Small Mammal      Summ           #...         99%         1    ##.....
 Call Imp                 Summ           #.......     99%         2    ###....
 Call Canine Familiar     Summ           #.......     100%        3    ####...
 Conjure Flame            Conj/Fire      #.......     100%        3    ####...
 Inner Flame              Hex/Fire       #.......     100%        3    ####...
 Summon Guardian Golem    Hex/Summ       #.......     100%        3    ####...
 Sticky Flame             Conj/Fire      #.......     100%        4    #####..
 Summon Ice Beast         Ice/Summ       #.......     100%        4    #####..
 Summon Lightning Spire   Summ/Air       #.......     100%        4    #####..
 Fireball                 Conj/Fire      #.........   100%        5    ######.


Dungeon Overview and Level Annotations

Branches:
Dungeon (5/15)
 Temple: D:4-7

Altars:
Hepliaklqana
Nemelex Xobeh
Vehumet
Xom


Innate Abilities, Weirdness & Mutations

You are resistant to torment.
Your stone body is resilient. (AC +4)
You are immune to poison.
You resist negative energy. (rN+)
You are resistant to electric shocks. (rElec)
You can survive without breathing.
You are immune to petrification.
You are immune to rotting.


Message History

You are too injured to fight recklessly!
You are too injured to fight recklessly!
You are too injured to fight recklessly!
You are too injured to fight recklessly!
You are too injured to fight recklessly!
You are too injured to fight recklessly!
You block the orc's attack.
You see here a scroll labeled SUIWOBAUCO.
You hit the orc warrior but do no damage.
The orc warrior is severely wounded.
You closely miss the orc. You block the orc warrior's attack.
The orc barely misses you.
You hit the orc warrior but do no damage.
The orc warrior is heavily wounded.
The orc warrior hits you with a +0 battleaxe.
The orc barely misses you.
A howler monkey comes into view.
The howler monkey howls!
You hear a shout!
The orc warrior hits you with a +0 battleaxe!
You die...

.# ..# . ##..##[#
## ##...#.... #.
#..#..>#
#.#####.#....#
##.##.....†...#.##
#h......####.## .#
#.#@o##..###.#.#
##.oo....)...#
###..####...#
##..## ...# ##?.##
#...# #..## #..#
#..).## ....
#..#!## ###. #. #.


You could see an orc warrior, a howler monkey and 2 orcs.

Vanquished Creatures
  Eustachio (D:4)
  2 ogres
  A bullfrog (D:3)
  A scorpion (D:5)
  A hound (D:4)
  Ijyb (D:4)
  2 iguanas (D:4)
  3 worker ants (D:4)
  5 gnolls
  2 adders (D:3)
  2 oozes
  3 worms (D:3)
  3 leopard geckos
  2 orcs
  7 bats
  6 giant cockroaches
  6 hobgoblins
  5 jackals
  A quokka (D:3)
  3 ball pythons
  2 frilled lizards
  8 goblins
  9 kobolds
  7 rats
83 creatures vanquished.

Notes
Turn   | Place    | Note
-------+----------+-------------------------------------------
     0 | D:1      | Delamore the Gargoyle Fighter began the quest for the Orb.
     0 | D:1      | Reached XP level 1. HP: 14/14 MP: 1/1
    15 | D:1      | Reached XP level 2. HP: 17/19 MP: 2/2
    18 | D:1      | Noticed a bullfrog
   395 | D:1      | Reached XP level 3. HP: 20/24 MP: 3/3
  1496 | D:2      | Found a faded altar of an unknown god.
  1646 | D:2      | Found a radiant altar of Vehumet.
  1961 | D:2      | Found a shimmering altar of Xom.
  1962 | D:2      | Found a hazy altar of Hepliaklqana.
  1962 | D:2      | Found a sparkling altar of Nemelex Xobeh.
  2004 | D:3      | Reached XP level 4. HP: 29/29 MP: 4/4
  2031 | D:3      | Noticed a bullfrog
  2054 | D:3      | Killed a bullfrog
  2054 | D:3      | Reached skill level 3 in Maces & Flails
  2054 | D:3      | Reached XP level 5. HP: 22/34 MP: 5/5
  2820 | D:4      | Noticed an ogre
  2827 | D:4      | Killed an ogre
  2827 | D:4      | Reached skill level 5 in Fighting
  2827 | D:4      | Reached skill level 4 in Maces & Flails
  2827 | D:4      | Reached skill level 5 in Shields
  2827 | D:4      | Reached XP level 6. HP: 28/40 MP: 6/6
  3178 | D:4      | Noticed Eustachio
  3188 | D:4      | Killed Eustachio
  3188 | D:4      | Reached skill level 5 in Maces & Flails
  3188 | D:4      | Reached XP level 7. HP: 40/44 MP: 7/7
  3320 | D:4      | Reached skill level 6 in Maces & Flails
  3764 | D:4      | Noticed Ijyb
  3772 | D:4      | Killed Ijyb
  3867 | D:5      | Entered Level 5 of the Dungeon
  3904 | D:5      | Reached skill level 7 in Maces & Flails
  3956 | D:5      | Slain by an orc warrior

Illustrated notes

Levels and vault maps discovered:
D:1:      evilmike_arrival_come_back, layout_loops_ring, minmay_tripent
D:2:      layout_loops_ring, vehumet_crystals, nicolae_overflow_hidden_temple,
          chequers_ecumenical_altar_simple, minmay_pentomino_pile
D:3:      layout_rooms, minmay_misc_feat_columns, grunt_ministairs_14,
          minivault_27
D:4:      layout_loops_corners, first_ration, uniq_ijyb, uniq_eustachio
D:5:      layout_rooms

Skill      XL: |  1  2  3  4  5  6  7 |
---------------+----------------------+-----
Fighting       | 4 5 |  5.0
Shields        | 4 5 |  5.0
Maces & Flails | 3 4 5 7 |  7.1
Armour         | |  3.2

Action                   |  1- 3 |  4- 6 |  7- 9 || total
-------------------------+-------+-------+-------++-------
Melee: Flail             |   236 |   135 |    70 ||   441
Throw: Javelin           |       |     4 |       ||     4
       Boomerang         |       |     1 |       ||     1
  Eat: Chunk             |     4 |     4 |     3 ||    11
Armor: Scale mail        |   194 |    81 |    36 ||   311
Dodge: Dodged            |   100 |    49 |    18 ||   167
Block: Kite shield       |   163 |    90 |    37 ||   290
